 Seeded DCSS version 0.29.1-15-g9cfb28693d (webtiles) character file.

Game seed: 6320845443627075161 (custom seed)

4 Psyclone the Firebug (level 1, 10/10 HPs)
             Began as a Deep Elf Fire Elementalist on Sept 23, 2023.
             Quit the game on level 2 of the Dungeon.
             The game lasted 00:01:02 (110 turns).

Psyclone the Firebug (Deep Elf Fire Elementalist)    Turns: 110, Time: 00:01:03

Health: 10/10      AC:  2    Str:  5    XL:     1   Next: 50%
Magic:  6/6        EV: 12    Int: 19    God:
Gold:   20         SH:  0    Dex: 15    Spells: 5/6 levels left

rFire   . . .      SeeInvis .   c - +0 dagger
rCold   . . .      Faith    .   (no shield)
rNeg    . . .      Spirit   .   a - +0 robe
rPois   .          Reflect  .   (no helmet)
rElec   .          Harm     .   (no cloak)
rCorr   .          Rampage  .   (no gloves)
Will    .....                   (no boots)
Stlth   ++........              (no amulet)
HPRegen 0.03/turn               (no ring)
MPRegen 0.10/turn               (no ring)

@: no status effects
A: no striking features
a: no special abilities


You were on level 2 of the Dungeon.
You visited 1 branch of the dungeon, and saw 2 of its levels.

You collected 20 gold pieces.

Inventory:

Hand Weapons
 c - a +0 dagger (weapon)
Armour
 a - a +0 robe (worn)
Jewellery
 f - the ring "Potisium" {rPois rN+ rCorr}
   (You acquired it on level 2 of the Dungeon)

   [ring of resist corrosion]

   rPois:     It protects you from poison.
   rN:        It protects you from negative energy.
   rCorr:     It protects you from acid and corrosion.
Potions
 b - a potion of magic
 d - a potion of curing {unknown}
 e - a potion of flight {unknown}


   Skills:
 - Level 2.4 Dodging
 - Level 2.4 Stealth
 - Level 3.0 Spellcasting
 - Level 1.1 Conjurations
 - Level 3.2 Fire Magic
 + Level 1.2 Ice Magic


You had 5 spell levels left.
You knew the following spells:

 Your Spells              Type           Power      Damage    Failure   Level
a - Foxfire               Conj/Fire      44%        2x1d6     6%          1

Your spell library contained the following spells:

 Spells                   Type           Power      Damage    Failure   Level
 Scorch                   Fire           30%        2d7       6%          2
 Freeze                   Ice            28%        1d5       10%         1
 Conjure Flame            Conj/Fire      11%        6-21      19%         3
 Inner Flame              Hex/Fire       9%         N/A       24%         3
 Frozen Ramparts          Ice            14%        1d3       28%         3
 Flame Wave               Conj/Fire      11%        2d6       52%         4
 Hailstorm                Conj/Ice       7%         3d4       67%         4


Dungeon Overview and Level Annotations

Branches:
Dungeon (2/15) Zot: 11890

Altars:


Message History

d - a murky black potion You pick up a book of Frost and begin reading...
You add the spells Freeze, Frozen Ramparts and Hailstorm to your library.
Found 13 gold pieces.
Found 12 gold pieces.
Found a sling.
Found 15 gold pieces.
There is a stone staircase leading down here.
You climb downwards.
Found 11 gold pieces and a fizzy brown potion.
There is a stone staircase leading up here.
A dart slug comes into view.
Found 6 stones.
Casting: Foxfire (safe; 6% risk of failure)
Confirm with . or Enter, or press ? or * to list all spells.
You conjure some foxfire!
You now have 5/6 mp.
Casting: Foxfire (safe; 6% risk of failure)
Confirm with . or Enter, or press ? or * to list all spells.
You conjure some foxfire!
The foxfire hits the dart slug.
The dart slug is heavily wounded.
The foxfire hits the dart slug.
The dart slug is severely wounded.
You now have 4/6 mp.
Casting: Foxfire (safe; 6% risk of failure)
Confirm with . or Enter, or press ? or * to list all spells.
You conjure some foxfire!
The foxfire hits the dart slug.
You kill the dart slug!
Your Ice Magic skill increases to level 1!
You now have 3/6 mp.
Your foxfire dissipates!
You now have 20 gold pieces (gained 11).
Your foxfire dissipates! x2
e - a fizzy brown potion
Found a scroll labelled LIULAPT WYUZ MUCK.
f - a scroll labelled LIULAPT WYUZ MUCK This is a scroll of acquirement!
Something appears at your feet!
MP restored: 6
f - the ring "Potisium" {rPois rN+ rCorr} Are you sure you want to abandon this character and quit the game? (Confirm with "yes".)

#.##.# .. ##.##.#
###..####...#.######
....................
#...###...#.#######
###...........#
......####.####
#........#
#....@...#
#######.## #.# #.#
#.# #.# #.# .#


There were no monsters in sight!

Vanquished Creatures
  A dart slug (D:2)
  A goblin (D:1)
2 creatures vanquished.

Vanquished Creatures (others)
  9 foxfires
9 creatures vanquished.

Grand Total: 11 creatures vanquished

Notes
Turn   | Place    | Note
-------+----------+-------------------------------------------
     0 | D:1      | Psyclone the Deep Elf Fire Elementalist began the quest for
                  | the Orb.
     0 | D:1      | Reached XP level 1. HP: 10/10 MP: 6/6
    82 | D:2      | Reached skill level 1 in Ice Magic
   108 | D:2      | Identified a scroll of acquirement
   108 | D:2      | Acquired the ring "Potisium" {rPois rN+ rCorr}
   110 | D:2      | Quit the game

Illustrated notes

Levels and vault maps discovered:
D:1:      dpeg_arrival_lava_temple_mockup, layout_basic
D:2:      layout_loops_ring, shapermc_ecumenical_altar_starsandcircs,
          serial_shops, nicolae_shop_window_shopping

Skill      XL: |  1 |
---------------+----+-----
Ice Magic      | 1 |  1.2
Dodging        | |  2.4
Stealth        | |  2.4
Spellcasting   | |  3.0
Conjurations   | |  1.1
Fire Magic     | |  3.2

Action                   || total
-------------------------++-------
 Cast: Foxfire           ||     5
  Use: Scroll            ||     1
